 Dungeon Crawl Stone Soup version 0.24-a0-170-gd8427f5 (webtiles) character file.

Game seed: 6931690580370793048

178 shukka the Magician (level 5, -1/38 HPs)
             Began as a Mummy Wizard on Mar 10, 2019.
             Was an Initiate of Gozag.
             Slain by an ogre
             ... wielding a +0 giant club
              (14 damage)
             ... on level 3 of the Dungeon.
             The game lasted 00:43:26 (6969 turns).

shukka the Magician (Mummy Wizard)                  Turns: 6969, Time: 00:43:26

Health: -1/38      AC:  8    Str: 11    XL:     5   Next: 32%
Magic:  12/12      EV: 10    Int: 18    God:    Gozag
Gold:   111        SH:  0    Dex: 10    Spells: 1/14 levels left

rFire    x . .     SeeInvis .   s - +0 rapier
rCold    + . .     Gourm    .   (no shield)
rNeg     + + +     Faith    .   p - +0 ring mail
rPois    ∞         Spirit   .   b - +0 hat
rElec    .         Reflect  .   (no cloak)
rCorr    .         Harm     .   a - +1 pair of gloves
MR       .....                  c - +0 pair of boots
Stlth    +.........             (no amulet)
HPRegen  0.12/turn              (no ring)
MPRegen  0.13/turn              (no ring)

@: no status effects
A: no food or potions, fire vulnerability, cold resistance 1, negative energy
resistance 3, torment resistance, unbreathing
a: Potion Petition, Call Merchant, Bribe Branch, Renounce Religion


You were on level 3 of the Dungeon.
You worshipped Gozag.
Gozag was aware of your devotion.
You were not hungry.

You visited 2 branches of the dungeon, and saw 5 of its levels.

You collected 166 gold pieces.
You paid 55 gold pieces to Gozag.

Inventory:

Hand Weapons
 m - a +0 hunting sling
 s - a +0 rapier (weapon)
Missiles
 d - 228 stones (quivered)
 i - 22 poisoned needles
Armour
 a - a +1 pair of gloves (worn)
 b - a +0 hat (worn)
 c - a +0 pair of boots (worn)
 p - a +0 ring mail (worn)
Wands
 o - a wand of digging (4)
Scrolls
 e - 3 scrolls of identify
 f - 2 scrolls of amnesia
 h - 2 scrolls of remove curse
 j - a scroll of enchant weapon {unknown}
 n - a scroll of teleportation
 q - a scroll of enchant armour {unknown}


   Skills:
 + Level 2.2 Fighting
 - Level 0.1 Armour
 - Level 1.5 Dodging
 - Level 1.5 Stealth
 + Level 5.0 Spellcasting
 + Level 3.0 Conjurations
 + Level 0.9 Summonings
 - Level 0.7 Translocations
 + Level 0.1 Fire Magic
 + Level 0.0 Air Magic
 + Level 0.0 Poison Magic


You had one spell level left.
You knew the following spells:

 Your Spells              Type           Power        Failure   Level  Hunger
a - Magic Dart            Conj           ###.         10%         1    N/A
b - Call Imp              Summ           #.......     34%         2    N/A
c - Blink                 Tloc           N/A          36%         2    N/A
d - Slow                  Hex            #.......     43%         2    N/A
e - Conjure Flame         Conj/Fire      ##......     45%         3    N/A
f - Mephitic Cloud        Conj/Pois/Air  #.......     54%         3    N/A

Your spell library contained the following spells:

 Spells                   Type           Power        Failure   Level  Hunger


Dungeon Overview and Level Annotations

Branches:
Dungeon (4/15)             Temple (1/1) D:4

Altars:
Ashenzari
Cheibriados
Dithmenos
Elyvilon
Fedhas
Gozag
Hepliaklqana
Kikubaaqudgha
Nemelex Xobeh
Qazlal
Ru
Trog
Uskayaw
Vehumet
Wu Jian
Yredelemnul

Annotations:
D:2 Sigmund
D:3 3 runed translucent doors, daphnia's ghost, amateur DgVM


Innate Abilities, Weirdness & Mutations

You do not eat or drink.
Your flesh is vulnerable to fire.
You are immune to poison.
Your flesh is cold resistant. (rC+)
You are immune to negative energy. (rN+++)
You are immune to unholy pain and torment.
You can survive without breathing.


Message History

Confirm with . or Enter, or press ? or * to list all spells.
Okay, then.
Your crimson imp hits the ogre.
Your crimson imp barely misses the ogre.
Your crimson imp blinks!
Your crimson imp blinks!
You swap places.
Something misses your crimson imp.
There is a staircase to the Ecumenical Temple here.
Your crimson imp disappears in a puff of smoke!
There is a staircase to the Ecumenical Temple here.
There is a stone staircase leading up here.
The ogre hits you with a +0 giant club!!
Ouch! That really hurt!
You climb upwards.
Level annotation: 3 runed translucent doors, daphnia's ghost, amateur DgVM
There is a stone staircase leading down here.
There is an escape hatch in the ceiling here.
The ogre hits you with a +0 giant club!
You die...
Your body crumbles into a pile of gold.

....# ....# ##..# #..# #######
##..# #.....# #########
##..#########.....## #.......#
##.........>.......## #.....>..
#..................#####.......#
##.########.#..O@......##.......#
.......# #.#..........##.......#
#..###.# #.#..........##.......#
#.## #.# #.#..!.......##.......#
#.# #.# #......................
#.# #.############....)..######.
#.# #...............%...........
#.# #################..########.
#.###########.............#......


You could see an ogre.

Vanquished Creatures
  A worker ant (D:3)
  7 gnolls
  A worm (D:2)
  4 leopard geckos
  7 bats
  A giant cockroach (D:3)
  10 goblins
  7 hobgoblins
  4 jackals (D:1)
  A quokka (D:3)
  A ball python (D:1)
  A frilled lizard (D:3)
  7 kobolds (D:1)
  6 rats
58 creatures vanquished.

Vanquished Creatures (collateral kills)
  2 gnolls (D:3)
  A worm (D:3)
  4 orcs (D:3)
  A goblin (D:3)
  A kobold (D:3)
  A quokka (D:3)
  A bat (D:3)
  A rat (D:3)
12 creatures vanquished.

Grand Total: 70 creatures vanquished

Notes
Turn   | Place    | Note
-------+----------+-------------------------------------------
     0 | D:1      | shukka the Mummy Wizard began the quest for the Orb.
     0 | D:1      | Reached XP level 1. HP: 13/13 MP: 5/5
    25 | D:1      | Reached skill level 1 in Conjurations
   645 | D:1      | Reached XP level 2. HP: 20/20 MP: 5/7
  1033 | D:1      | Reached skill level 1 in Fighting
  1428 | D:2      | Noticed Sigmund
  1547 | D:1      | Reached XP level 3. HP: 26/26 MP: 4/8
  2214 | D:2      | Found a faded altar of an unknown god.
  3301 | D:3      | Found an ornate altar of the Wu Jian Council.
  3491 | D:2      | Reached XP level 4. HP: 23/32 MP: 4/10
  4648 | D:2      | Learned a level 2 spell: Call Imp
  4651 | D:2      | Learned a level 2 spell: Blink
  4654 | D:2      | Learned a level 2 spell: Slow
  4894 | D:3      | Found a shattered altar of Ashenzari.
  4980 | D:3      | Found a stormy altar of Qazlal.
  5128 | D:3      | Found a runed translucent gate.
  5128 | D:3      | Found a runed translucent gate.
  5128 | D:3      | Found a runed translucent gate.
  5128 | D:3      | Noticed daphnia's ghost (amateur DgVM)
  5461 | D:3      | Reached skill level 5 in Spellcasting
  5461 | D:3      | Reached XP level 5. HP: 29/38 MP: 5/12
  6127 | D:3      | Learned a level 3 spell: Conjure Flame
  6514 | D:3      | Learned a level 3 spell: Mephitic Cloud
  6666 | D:4      | Found a staircase to the Ecumenical Temple.
  6680 | Temple   | Entered the Ecumenical Temple
  6733 | Temple   | Became a worshipper of Gozag Ym Sagoz the Greedy
  6880 | D:4      | Noticed an ogre
  6969 | D:3      | Slain by an ogre

Levels and vault maps discovered:
D:1:      onia_arrival_mini_maze, layout_basic
D:2:      layout_basic, chequers_ecumenical_altar_simple, minmay_tetromino_s2,
          uniq_sigmund
D:3:      layout_basic, nicolae_overflow_crystal_walls, lemuel_doored_altar,
          lemuel_round_altar, first_ration, ebering_ghost_rock_garden,
          kennysheep_generic_room_13
D:4:      layout_loops_corners, xom_teletrap_fun, kennysheep_little_box,
          minmay_temple_entry_sparse_star, minmay_misc_feat_roman
Temple:   dshaligram_water_room_temple

Skill      XL: |  1  2  3  4  5 |
---------------+----------------+-----
Conjurations   | 1 2 3 |  3.0
Fighting       | 1 2 |  2.2
Spellcasting   | 5 |  5.0
Armour         | |  0.1
Dodging        | |  1.5
Stealth        | |  1.5
Summonings     | |  0.9
Translocations | |  0.7
Fire Magic     | |  0.1

Action                   |  1- 3 |  4- 6 || total
-------------------------+-------+-------++-------
Melee: Unarmed           |    16 |       ||    16
       Short sword       |    38 |    19 ||    57
       Rapier            |       |    18 ||    18
Throw: Throwing net      |       |     2 ||     2
 Cast: Magic Dart        |   102 |    42 ||   144
       Call Imp          |       |    18 ||    18
       Slow              |       |     1 ||     1
  Use: Scroll            |       |     7 ||     7
 Stab: Sleeping          |     1 |       ||     1
Armor: Robe              |    25 |       ||    25
       Ring mail         |     4 |    19 ||    23
Dodge: Dodged            |    62 |    42 ||   104

Table legend:
 A = Non-vault XP
 B = Vault XP
 C = Vault XP percentage of total XP
 D = Non-vault monster count
 E = Vault monster count
 F = Vault count percentage of total count
                 A         B        C        D         E       F
            +---------+---------+-------+---------+---------+-------
      Total |     247 |       8 |   3.1 |      66 |       4 |   5.7
            +---------+---------+-------+---------+---------+-------
        D:1 |      47 |       1 |   2.1 |      29 |       1 |   3.3
        D:2 |      43 |       4 |   8.5 |      10 |       2 |  16.7
        D:3 |     154 |       3 |   1.9 |      26 |       1 |   3.7
        D:4 |       3 |       0 |   0.0 |       1 |       0 |   0.0
            +---------+---------+-------+---------+---------+-------
